 Dungeon Sprint DCSS version 0.17.1-3-g152610e (webtiles) character file.

760 Kokonut the Carver (level 7, -5/81 HPs)
             Began as a Troll Berserker on Mar 20, 2016.
             Was an Elder of Trog.
             Slain by an insubstantial wisp (6 damage)
             ... in the Dungeon (Sprint V: "Ziggurat Sprint").
             The game lasted 00:02:32 (115 turns).

Kokonut the Carver (Troll Berserker)                 Turns: 115, Time: 00:02:33

Health: -5/81      AC: 17    Str: 34    XL:     7   Next: 51%
Magic:  6/6        EV: 12    Int:  3    God:    Trog [****..]
Gold:   0          SH:  0    Dex: 15    Spells: 0 memorised, 6 levels left

rFire  + + .     SeeInvis .     J - +14 plutonium sword {*Contam Stlth-}
rCold  x . .     Clarity  .     j - +5 fire dragon armour
rNeg   . . .     SustAt   .     (shield currently unavailable)
rPois  .         Gourm    +     (helmet restricted)
rElec  .         Spirit   .     (no cloak)
rCorr  .         Warding  .     (gloves unavailable)
rMut   .         NoTele   +     (boots unavailable)
MR     .....                    (no amulet)
Stlth  ..........               H - +6 ring of strength
                                D - +6 ring of dexterity

@: exhausted, slowed, very slow, not resistant to hostile enchantments,
extremely unstealthy
A: unfitting armour, claws 3, fast metabolism 3, gourmand, regeneration 2,
shaggy fur 1, tough skin 2
a: Berserk, Trog's Hand, Brothers in Arms, Burn Spellbooks, Renounce Religion


You were in the Dungeon.
You worshipped Trog.
Trog was greatly pleased with you.
You were very full.

You visited 1 branch

Inventory:

Hand Weapons
 a - a +0 falchion
 J - the +14 plutonium sword (weapon) {*Contam Stlth-}
   (You found it in the Dungeon)

   It causes magical contamination when unequipped.
   It makes you less stealthy.
Armour
 b - a +0 animal skin
 j - a +5 fire dragon armour (worn)
 k - a +5 gold dragon armour
Jewellery
 D - a +6 ring of dexterity (left claw)
 E - a +6 ring of dexterity
 F - a +6 ring of intelligence
 G - a +6 ring of intelligence
 H - a +6 ring of strength (right claw)
 I - a +6 ring of strength
Wands
 y - a wand of disintegration (7)
 A - a wand of fire (5)
 B - a wand of cold (5)
 C - a wand of draining (5)
Scrolls
 i - 4 scrolls of blinking
 r - 3 scrolls of recharging
 s - 7 scrolls of fog
 t - a scroll of holy word
 u - 5 scrolls of identify
 v - 5 scrolls of remove curse
 w - 2 scrolls of fear
Potions
 d - 10 potions of curing
 e - 10 potions of heal wounds
 f - 6 potions of haste
 g - 7 potions of magic
 h - 3 potions of berserk rage
 l - 2 potions of brilliance
 m - 2 potions of invisibility
 n - 4 potions of resistance
 o - a potion of experience
 p - 5 potions of agility
 q - 5 potions of might
Comestibles
 c - 6 bread rations
 x - 42 fruits
 z - 4 meat rations
 K - 10 chunks of flesh


   Skills:
 + Level 8.4 Fighting
 + Level 8.5 Long Blades
 + Level 4.8 Armour
 - Level 6.8 Dodging


You had 6 spell levels left.
You didn't know any spells.

Dungeon Overview and Level Annotations

Branches:
Dungeon (1/1)

Altars:
Ashenzari
Cheibriados
Dithmenos
Elyvilon
Fedhas
Gozag
Kikubaaqudgha
Makhleb
Nemelex Xobeh
Okawaru
Qazlal
Ru
Sif Muna
Trog
Vehumet
Xom
Yredelemnul
Zin
The Shining One
Beogh
Jiyva
Lugonu


Innate Abilities, Weirdness & Mutations

You are too large for most types of armour.
You have claws for hands.
Your metabolism is lightning-fast.
You like to eat raw meat.
You heal very quickly.
You are covered in fur (AC +1).
You have very tough skin (AC +2).


Message History

The insubstantial wisp misses you.
You miss the insubstantial wisp.
The insubstantial wisp hits you but does no damage. x2
You slash the insubstantial wisp!
The insubstantial wisp is heavily damaged.
The insubstantial wisp thrums sharply.
You are struck by lightning.
* * * LOW HITPOINT WARNING * * *
The lightning arcs!
The insubstantial wisp thrums sharply.
You are struck by lightning.
* * * LOW HITPOINT WARNING * * *
The lightning arcs!
You hit the insubstantial wisp.
The insubstantial wisp is heavily damaged.
The insubstantial wisp thrums sharply.
You are struck by lightning.
* * * LOW HITPOINT WARNING * * *
The lightning grounds out.
The insubstantial wisp hits you.
You die...

▓▓▓▓▓▓▓▓▓▓▓▓▓▓▓▓▓▓▓
▓.8©8.▓.8©8.▓.8©8.▓
▓.)||.▓.)§|.▓.....▓
▓..v..▓..ss.▓...).▓
▓..@..▓.....▓.....▓
▓.....▓..÷..▓.....▓
▓.....▓.....▓.....▓
▓.....▓.....▓▓▓▓▓▓▓
▓▓▓▓▓▓▓▓▓▓▓▓▓


You could see an insubstantial wisp.

Vanquished Creatures
  2 air elementals (D)
  A yak (D)
  An insubstantial wisp (D)
  A wolf (D)
  An iguana (D)
  A sheep (D)
  A river rat (D)
8 creatures vanquished.

Notes
Turn   | Place    | Note
--------------------------------------------------------------
     0 | D        | Kokonut the Troll Berserker began the quest for the Orb.
     0 | D        | Reached XP level 1. HP: 22/22 MP: 0/0
     5 | D        | Found a roughly hewn altar of Beogh.
     5 | D        | Found a corrupted altar of Lugonu.
     5 | D        | Found a viscous altar of Jiyva.
     5 | D        | Found a white marble altar of Elyvilon.
     5 | D        | Found a sparkling altar of Nemelex Xobeh.
     5 | D        | Found a burning altar of Makhleb.
     5 | D        | Found an iron altar of Okawaru.
     5 | D        | Found a deep blue altar of Sif Muna.
     5 | D        | Found a radiant altar of Vehumet.
     5 | D        | Found a bloodstained altar of Trog.
     5 | D        | Found a shimmering altar of Xom.
    42 | D        | Entered arena 1.
    42 | D        | Noticed an iguana
    45 | D        | Killed an iguana
    45 | D        | Reached skill level 3 in Fighting
    45 | D        | Reached XP level 2. HP: 24/32 MP: 1/1
    48 | D        | Reached ** piety under Trog
    48 | D        | Reached skill level 4 in Fighting
    48 | D        | Reached XP level 3. HP: 28/39 MP: 2/2
    77 | D        | Entered arena 2.
    77 | D        | Noticed a wolf
    77 | D        | Noticed a yak
    79 | D        | Killed a wolf
    79 | D        | Reached *** piety under Trog
    79 | D        | Reached skill level 5 in Fighting
    79 | D        | Reached skill level 5 in Long Blades
    79 | D        | Reached skill level 5 in Dodging
    79 | D        | Reached XP level 4. HP: 46/50 MP: 3/3
    79 | D        | Reached XP level 5. HP: 53/58 MP: 4/4
    82 | D        | Killed a yak
    82 | D        | Reached skill level 6 in Fighting
    82 | D        | Reached skill level 1 in Armour
    82 | D        | Reached XP level 6. HP: 59/68 MP: 5/5
    85 | D        | Reached skill level 7 in Long Blades
    91 | D        | Reached **** piety under Trog
    96 | D        | Entered arena 3.
    96 | D        | Noticed an air elemental
    96 | D        | Noticed an air elemental
    96 | D        | Noticed an insubstantial wisp
    96 | D        | Noticed an insubstantial wisp
   102 | D        | Killed an air elemental
   105 | D        | Killed an air elemental
   105 | D        | Reached skill level 8 in Fighting
   105 | D        | Reached XP level 7. HP: 36/80 MP: 6/6
   109 | D        | Killed an insubstantial wisp
   115 | D        | HP: 1/81 [insubstantial wisp/static electricity (6)]
   115 | D        | Slain by an insubstantial wisp

Action                   |  1- 3 |  4- 6 |  7- 9 || total
-------------------------+-------+-------+-------++-------
Melee: Triple sword      |     6 |    13 |     8 ||    27
Invok: Burn Spellbooks   |     1 |     1 |       ||     2
       Berserk           |       |     1 |       ||     1
  Eat: Chunk             |     6 |       |       ||     6
